Cogmind - Beta 15 @@@ ROGUE MODE // 2025.05.08 @ 22:57:49 Player: Skysub Result: Destroyed by GG-NQ5(R) with Subdweller Machine Gun Performance ------------- Evolutions (0) 0 Regions Visited (2) 400 Robots Destroyed (16) 80 Value Destroyed (229) 229 Prototype IDs (0) 0 Alien Tech Used (0) 0 Bonus (0) 0 TOTAL SCORE: 709 Bonus ------- None Cogmind --------- Core Integrity 0/250 Matter 280/300 Energy 250/250 System Corruption 0% Temperature Cool (0) Movement Rolling (110) Ox2 Location -10/Subcaves Parts ------- > --- POWER (1) -------- Ion Engine > --- PROPULSION (2) --- Wheel > --- UTILITY (2) ------ Large Storage Unit Improved Terrain Scanner > --- WEAPON (2) ------- Mining Claw > --- INVENTORY (15) --- Makeshift Power Source Subdweller Monowheel Improved Hover Unit Improved Hover Unit Improved Hover Unit Improved Hover Unit Makeshift Flight Unit Medium Matter Pod (100) Subdweller Optics Sensor Array Signal Interpreter Shield Generator Autogun Autogun Improved Light Cannon Peak State ------------ > --- POWER ------------ Ion Engine > --- PROPULSION ------- Compact Wheel Subdweller Monowheel > --- UTILITY ---------- Large Storage Unit Improved Terrain Scanner > --- WEAPON ----------- Autogun Autogun > --- INVENTORY -------- Ion Engine Improved Aluminum Leg Wheel Improved Hover Unit Improved Hover Unit Improved Hover Unit Improved Hover Unit Medium Matter Pod Sensor Array Signal Interpreter Shield Generator Autogun Improved Light Cannon Grenade Launcher Mining Claw [Rating: 14] Favorites ----------- Power Ion Engine Engine Ion Engine Propulsion Compact Wheel Wheel Compact Wheel Utility Improved Terrain Scanner Device Improved Terrain Scanner Storage Large Storage Unit Weapon Medium Laser Energy Gun Medium Laser Ballistic Gun Autogun Ballistic Cannon Improved Light Cannon Launcher Grenade Launcher Special Weapon Mining Laser Slashing Weapon Mining Claw Build | -11 -10 -10 ------- Run | Yrd Mat Sub Slots Evolved . | . . . Power . | . . . Propulsion . | . . . Utility . | . . . Weapon . | . . . Parts Attached 20 | 7 6 7 Power 2 | 1 . 1 Engine 2 | 1 . 1 Core . | . . . Reactor . | . . . Propulsion 4 | 2 . 2 Treads . | . . . Leg . | . . . Wheel 4 | 2 . 2 Hover . | . . . Flight . | . . . Utility 3 | 2 1 . Device 1 | 1 . . Storage 2 | 1 1 . Processor . | . . . Hackware . | . . . Protection . | . . . Artifact . | . . . Weapon 11 | 2 5 4 Energy Gun 2 | 2 . . Energy Cannon . | . . . Ballistic Gun 5 | . 3 2 Ballistic Cannon 1 | . . 1 Launcher 1 | . . 1 Special Weapon 1 | . 1 . Impact Weapon . | . . . Slashing Weapon 1 | . 1 . Piercing Weapon . | . . . Special Melee Weapon . | . . . Unidentified Prototypes . | . . . Parts Lost 4 | . . 4 Power 1 | . . 1 Propulsion 1 | . . 1 Utility . | . . . Weapon 2 | . . 2 Highest Loss Streak 1 | . . 1 To Critical Strikes . | . . . Average Backups 10 | 5 12 14 Power . | . 1 . Propulsion 4 | 2 5 5 Utility 2 | . 3 4 Weapon 2 | . 2 3 Tool/Special . | . . . Unused Backups 19 | . 5 14 Power 1 | . . 1 Propulsion 12 | . 5 7 Utility 6 | . . 6 Weapon . | . . . Tool/Special . | . . . Average Slot Usage (%) 98 | . 100 98 Engine 13 | . 14 13 Wheel 27 | . 28 26 Device 14 | . 14 14 Storage 14 | . 14 14 Ballistic Gun 13 | . 14 12 Ballistic Cannon 4 | . . 6 Launcher 1 | . . 2 Slashing Weapon 7 | . 9 6 Peak Build Rating 14 | 9 12 14 Average Rating 10 | 8 10 12 On Entrance 7 | . 9 12 Naked Turns . | . . . Heaviest Build 33 | 14 31 33 Greatest Support 36 | 26 26 36 Greatest Overweight (x) 3 | . 1 3 Average Overweight (x) . | . . 1 Largest Inventory Capacity 15 | 8 15 15 Average Capacity 11 | 7 14 15 Most Carried 15 | 6 15 15 Average Carried 10 | 5 12 14 Final Capacity 15 | 8 15 15 Final Carried 15 | 6 15 15 Class Distribution -------------------- 100% | Mutant Dominant Class ---------------- Mutant | -10/Materials Mutant | -10/Subcaves Resources | -11 -10 -10 ----------- Run | Yrd Mat Sub Matter Collected 659 | 355 . 304 Remotely . | . . . Salvage Created 447 | 301 . 146 Parts 33 | 28 . 5 Haulers Intercepted . | . . . Recyclers Shooed 1 | 1 . . Parts Field Recycled . | . . . Retrieved Matter . | . . . Parts Self-Destructed 6 | . . 6 Prevented . | . . . Kills | -11 -10 -10 ------- Run | Yrd Mat Sub Combat Hostiles Destroyed 4 | . . 4 Melee 1 | . . 1 Guns 2 | . . 2 Cannons 1 | . . 1 Classes Destroyed 4 | 3 . 1 Worker 4 | 4 . . Tunneler 7 | 7 . . Recycler 1 | 1 . . Subdweller 4 | . . 4 Best Kill Streak 4 | 4 . 2 Combat Bots Only 2 | . . 2 Max Kills in Single Turn 1 | 1 . 1 Gunslinging . | . . . Exploded . | . . . Melee 1 | . . 1 Uniques/NPCs Destroyed . | . . . Combat | -11 -10 -10 -------- Run | Yrd Mat Sub Hostile Shots Fired 44 | 2 . 42 Missed 11 | . . 11 Hits 33 | 2 . 31 Projectile 33 | 2 . 31 AOE 2 | 2 . . Critical Strikes 1 | . . 1 Damage Taken 913 | 66 32 815 Core 266 | 53 . 213 Absorbed by Shields . | . . . Core Remaining (%) 78 | 78 . . Volleys Fired 46 | 21 1 24 Largest 2 | 2 1 2 Hottest 100 | 90 100 56 Shots Fired 90 | 42 1 47 Gun 79 | 42 . 37 Cannon 9 | . . 9 Launcher 1 | . . 1 Special 1 | . 1 . Kinetic 46 | . . 46 Thermal 43 | 42 1 . Explosive 1 | . . 1 Electromagnetic . | . . . Robot Hit Streak 10 | 5 . 10 Robot Miss Streak 5 | 5 . 1 Penetration Max . | . . . Secondary Targets . | . . . Shots Hit Robots 60 | 18 . 42 Core Hits 21 | 13 . 8 Critical Kills . | . . . Critical Parts Destroyed . | . . . Critical Strikes 1 | . . 1 Blast 1 | . . 1 Melee Attacks 17 | . 2 15 Impact . | . . . Slashing 17 | . 2 15 Piercing . | . . . Sneak Attacks 1 | . . 1 Combat Hostiles . | . . . Follow-up Attacks . | . . . Damage Inflicted 719 | 224 . 495 Guns 549 | 224 . 325 Cannons 125 | . . 125 Explosions . | . . . Melee 45 | . . 45 Ramming . | . . . Kinetic 450 | . . 450 Thermal 224 | 224 . . Explosive . | . . . Electromagnetic . | . . . Impact . | . . . Slashing 45 | . . 45 Piercing . | . . . Highest Corruption . | . . . Average Corruption . | . . . Corruption Purged . | . . . Corruption Blocked . | . . . Overload Shots . | . . . Overflow Damage . | . . . Projectiles . | . . . Explosions . | . . . Melee . | . . . Knockbacks . | . . . Impact . | . . . Kinetic . | . . . Secondary . | . . . Self-Inflicted Damage . | . . . Shots . | . . . Rammed . | . . . Targets Rammed . | . . . Kicked . | . . . Crushed . | . . . Highest Temperature 330 | 330 20 . Average Temperature 110 | 115 12 . Received Heat Transfer 177 | . . 177 Siege Activations . | . . . Martial Activations . | . . . Shielding Activations . | . . . Robots Disrupted . | . . . Combat Hostiles . | . . . Robots Corrupted . | . . . Combat Hostiles . | . . . Parts Fried . | . . . Impact Corruptions . | . . . Robots Melted . | . . . Combat Hostiles . | . . . Parts Melted 2 | . . 2 Heat Transferred 583 | 583 . . Parts Sabotaged . | . . . Parts Stolen . | . . . Parts Stripped . | . . . Power Chain Reactions . | . . . Alert | -11 -10 -10 ------- Run | Yrd Mat Sub Maximum Alert Level . | . . . Low Security (%) 100 | 100 100 . Level 1 . | . . . Level 2 . | . . . Level 3 . | . . . Level 4 . | . . . Level 5 . | . . . High Security . | . . . Max Security . | . . . Peak Influence 17 | 10 17 . Initial . | . . . Average . | . 1 . Influence Increases 92 | 60 32 . Destroy 0b10 Robot/NC 60 | 60 . . Disable Machine 15 | . 15 . Destroy Structure 2 | . 2 . Lose Combat Pursuer 15 | . 15 . Influence Decreases 92 | 60 32 . Time Decay 92 | 60 32 . Squads Dispatched . | . . . Investigation . | . . . Extermination . | . . . Reinforcement . | . . . Assault . | . . . Garrison . | . . . Intercept . | . . . Searches Triggered . | . . . Construction Impeded . | . . . Haulers Reinforced . | . . . Active Scanning Responses . | . . . Cargo Convoy Interrupts . | . . . Stealth | -11 -10 -10 --------- Run | Yrd Mat Sub Distress Signals . | . . . Communications Jammed . | . . . Distress Signals . | . . . Times Spotted 12 | 2 2 8 Peak Tracking Total 2 | 2 1 2 Tactical Retreats 2 | . 1 1 Traps | -11 -10 -10 ------- Run | Yrd Mat Sub Traps Triggered 3 | . 1 2 Indirectly . | . . . Trap Hack Attempts . | . . . Triggered . | . . . Disarmed . | . . . Reprogrammed . | . . . Reused . | . . . Traps Extracted . | . . . Installed . | . . . Triggered . | . . . Machines | -11 -10 -10 ---------- Run | Yrd Mat Sub Machines Disabled 1 | . 1 . Max in Single Turn 1 | . 1 . Machines Repaired . | . . . Machines Dismantled . | . . . Machines Sabotaged . | . . . Overloaded Fab Kills . | . . . Hacking | -11 -10 -10 --------- Run | Yrd Mat Sub Machines Accessed 2 | . 2 . Terminals 2 | . 2 . Fabricators . | . . . Repair Stations . | . . . Recycling Units . | . . . Scanalyzers . | . . . Garrison Access . | . . . Total Hacks 5 | . 5 . Successful 1 | . 1 . Failed 4 | . 4 . Catastrophic 1 | . 1 . Database Lockouts . | . . . Manual 5 | . 5 . Terminals 5 | . 5 . Fabricators . | . . . Repair Stations . | . . . Recycling Units . | . . . Scanalyzers . | . . . Garrison Access . | . . . Terminal Hacks . | . . . Fabricator Hacks . | . . . Repair Station Hacks . | . . . Recycling Unit Hacks . | . . . Scanalyzer . | . . . Garrison Access Hacks . | . . . Unauthorized Hacks 1 | . 1 . Terminals 1 | . 1 . Botnet 1 | . 1 . Fabricators . | . . . Repair Stations . | . . . Recycling Units . | . . . Scanalyzers . | . . . Garrison Access . | . . . Data Cores Recovered . | . . . Used . | . . . Hacking Detections 2 | . 2 . Full Trace Events . | . . . Feedback Events . | . . . Feedback Blocked . | . . . Robot Schematics Acquired . | . . . Robots Built . | . . . Authchips . | . . . Time . | . . . Total Robot Build Rating . | . . . Part Schematics Acquired . | . . . Parts Built . | . . . Authchips . | . . . Time . | . . . Total Part Build Rating . | . . . Parts Repaired . | . . . Time . | . . . Parts Recycled . | . . . Recycled Matter . | . . . Retrieved Matter . | . . . Retrieved Components . | . . . Parts Scanalyzed . | . . . Part Schematics Acquired . | . . . Parts Damaged . | . . . Bothacking | -11 -10 -10 ------------ Run | Yrd Mat Sub Used RIF Installer . | . . . Robots Hacked . | . . . Non-combat . | . . . Combat . | . . . Robot Hacks Applied . | . . . Relay Couplers Released . | . . . Fabnet Peak Effective % . | . . . Robots Rewired . | . . . Allies Hacked . | . . . Hacks Repelled . | . . . Allies | -11 -10 -10 -------- Run | Yrd Mat Sub Total Allies . | . . . Largest Group . | . . . Highest-Rated Group . | . . . Highest-Rated Ally . | . . . Total Orders . | . . . Ally Attacks . | . . . Total Damage . | . . . Kills . | . . . Allies Corrupted . | . . . Allies Melted . | . . . Intel | -11 -10 -10 ------- Run | Yrd Mat Sub Active Infowar (turns) 2360 | 1045 367 948 Terrain 2360 | 1045 367 948 Robot Analysis Total . | . . . Derelict Logs Recovered 1 | . . 1 Drone Launches . | . . . Drone Recoveries . | . . . Exploration | -11 -10 -10 ------------- Run | Yrd Mat Sub Turns Passed 2453 | 1138 367 948 Spaces Moved 1170 | 252 226 692 Core 1 | 1 . . Treads . | . . . Legs . | . . . Wheels 1169 | 251 226 692 Hover . | . . . Flight . | . . . Fastest Speed 50 | 50 90 105 Average Speed 102 | 89 104 106 Slowest Speed 125 | 100 105 125 Overloaded Moves . | . . . Propulsion Burnouts . | . . . Robots Hopped . | . . . Potential Cave-ins . | . . . Cave-ins Triggered . | . . . Exploration Rate (%) 36 | 19 50 40 Regions Visited 2 Branch Regions 1 Pre-discovered Areas . | . . . Known Exits Taken . | . . . Unknown Exits Taken 2 | 1 1 . Scrap Searched 3 | . . 3 Spaces Dug 8 | . 2 6 Terrain Destroyed 8 | . 2 6 Melee 2 | . 2 . Projectile . | . . . AOE 6 | . . 6 Terrain Rammed . | . . . Walls Destroyed . | . . . Machines Disabled . | . . . Actions | -11 -10 -10 --------- Run | Yrd Mat Sub Total 2299 | 1117 352 830 Wait 1005 | 832 93 80 Move 1168 | 251 225 692 Hop . | . . . Pick Up 27 | 6 16 5 Fast Attach 7 | 7 . . Attach 3 | . . 3 Detach 1 | . . 1 Swap 12 | . 6 6 Drop 13 | . 9 4 Fire 46 | 21 1 24 Melee 17 | . 2 15 Ram . | . . . Kick . | . . . Crush . | . . . Escape Stasis . | . . . Rewire . | . . . Trap . | . . . Miscellaneous . | . . . Route ------- -11/Scrapyard -10/Materials (discovered 3 exits: [*Mat] / [*Min] / [*Sub]) -10/Subcaves (discovered 1 exit: [*Mat]) History --------- Turn | Location | Event 7 | -11/Scrapyard | Discovered new exit (range 16) 1139 | -11/Scrapyard | Assembled infested the area 1139 | -11/Scrapyard | Entered Materials 1139 | -10/Materials | Discovered new exit (range 9) 1140 | -10/Materials | Build established: Mutant 1395 | -10/Materials | Discovered new exit (range 13) 1489 | -10/Materials | Discovered new exit (range 7) 1506 | -10/Materials | Entered Subcaves 1507 | -10/Subcaves | Approached by a straggling Scientist 1513 | -10/Subcaves | Shifting Twisted Machinery released Battle Cannon 1519 | -10/Subcaves | Shifting Twisted Machinery released Sub. Monowheel 1547 | -10/Subcaves | Ambushed by Subdweller buried in earth 1577 | -10/Subcaves | Discovered new exit (range 10) 1615 | -10/Subcaves | Core integrity fell below 50% 1840 | -10/Subcaves | Shifting Twisted Machinery released Sub. Monowheel 2355 | -10/Subcaves | Core integrity fell below 20% 2454 | -10/Subcaves | Destroyed by GG-NQ5(R) with Subdweller Machine Gun Last Messages --------------- here" Subatomizers dissect the Lrg. Matter Pod. 1O-JX4(c): "I think it's somewhere south of here" Triggered Shrapnel Trap. An expanding cloud of shrapnel blasts out in all directions. The unstable cave ceiling collapses. Triggered Piercing Trap. Spikes shoot up from the floor. Critical hit (Impale). 1O-JX4(c): "I think it's somewhere south of here" Acquired derelict log, extracted data. Data stored: Storage entrances (x1). 1O-JX4(c): "I think it's somewhere south of here" Com. Wheel destroyed. 91-L5J(u) tweaks Twisted Machinery. Grenade Launcher destroyed. Map ----- +----------------------------------------------------+ | ????# #?????????????????????????? | | ? ??# #???#?????????????????????? | | ????## #######?????????????????????????? | | ???#?## ##???????#???????????????????????? | | ??????# #?#####??????????????????????????? | | ?????## ### ##?????????????????????????? | | ?????# ### ##?###????????????????????? | | ?????## ### ## ##???????????????????? | | ??????## ## #???????????????????? | | ???????# ##??????????????????? | | ?????## #????????????????????? | | ??????# #?????????????????????? | | # ## ##???#????????????????? | | ## ### ##???????????????????? | | ?# ?# #????#??????????????? | | ?## ##?# ### ##??????????????????? | | ??##### ???###### #????####??????????? | | ??????# ?????# #??????????????????? | | ????? ?????# #??????????????????? | | ????# ? ???# ##????????#?????????? | | ????## ?????## ###?#???? ????????????? | | ?????##"" ?????### #??? ?? ??????????????? | | ????????" ???### ### ## ?????????????#??????? | | ????????? ????# #?????????????????????? | | ???????????????# #?????#???? ? ????????? | | ??????????????#" # # @ ##????????????????????? | | ??????????????#""###### ##?????????? ??????? | | ??????????????##"????# ## ##????? #????????? | | ??????????????#??"???# ?## ## #????????????? | | ????????????????????# ??# R #????????????? | | ????????????????????## ??# R #????????????? | | ?????????????????????## ??## # ##??????#?????? | | ??????????????????????##???#####?###?????????????? | | ?????????????????????????????????#???????????????? | | ?????????????????????????????????????????????????? | | ?????????????????????????????????????????????????? | | ?????????????????????????????????????????????????? | | ?????????????????????????????????????????????????? | | ?????????????????????????????????????????????????? | | ?????????????????????????????????????????????????? | | ?????????????????????????????????????????????????? | | ?????????????????????????????????????????????????? | | ?????????????????????????????????????????????????? | | ?????????????????????????????????????????????????? | | ?????????????????????????????????????????????????? | | ?????????????????????????????????????????????????? | | ?????????????????????????????????????????????????? | | | | | | | +----------------------------------------------------+ Best States ------------- Heat Dissipation 25 Energy Generation 10 Energy Capacity 250 Matter Stores 300 Matter Capacity 300 Sight Range 16 Terrain Scan Range 16 Terrain Scan Density 10 Evasion (%) 42 Item Schematics ----------------- None Robot Schematics ------------------ None Fabricated ------------ Nothing Repaired ---------- Nothing Alien Tech Used ----------------- None Achievements -------------- None Challenges ------------ None Game ------ Seed NetworkedFusionCompactor Manual? 0 Play Time 00:15:27 Cumulative 68.3 hours Start 2025.05.08 @ 22:43:04 End 2025.05.08 @ 22:57:49 Sessions 1 Manual Loads 0 Difficulty Rogue Special Mode None Game No. 65 Rogue 65 Adventurer 0 Explorer 0 Win Type - Total 1 Types 1/0/0/0/0/0/0/0/0/0 Lore% 42 Gallery% 45 Achievement% 42 Wizard Run 0 Options --------- Layout 1 ASCII 0 Keyboard 1 Movement Numpad Keybinds 0 Fullscreen 1 Font 32/SmallcapsGlow Map View 50x35 Zoom Use 0% Tactical HUD 0 Map Filters NONE Filters NONE Steam 1 RUN: 8be7bc0f-06e0-4b16-bb1e-311301cab53b